Cogmind - Beta 9.6 @@@ ROGUE MODE // 2020.08.30 @ 09:32:23 Player: Sandwich Result: Destroyed by D-53 Grenadier with Mini Grenade Launcher Performance ------------- Evolutions (1) 500 Regions Visited (3) 600 Robots Destroyed (19) 95 Value Destroyed (258) 258 Prototype IDs (1) 20 Alien Tech Used (0) 0 Bonus (0) 0 TOTAL SCORE: 1473 Bonus ------- None Cogmind --------- Core Integrity 0/400 Matter 290/300 Energy 98/100 System Corruption 0% Temperature Cool (1) Movement Walking (210) Ox3 Location -9/Mines Parts ------- > --- POWER (1) -------- (None) > --- PROPULSION (2) --- Aluminum Leg > --- UTILITY (4) ------ Heat Sink High-capacity Storage Unit System Shield System Shield > --- WEAPON (2) ------- (None) > --- INVENTORY (12) --- Nuclear Core Heat Sink Light Armor Plating System Shield System Shield Peak State ------------ > --- POWER ------------ Heavy Ion Engine > --- PROPULSION ------- Aluminum Leg Improved Aluminum Leg > --- UTILITY ---------- Heat Sink High-capacity Storage Unit System Shield System Shield > --- WEAPON ----------- Beam Rifle Heavy Assault Rifle > --- INVENTORY -------- Nuclear Core Aluminum Leg Heat Sink Light Armor Plating System Shield System Shield Small Laser [Rating: 19] Favorites ----------- Power Ion Engine Engine Ion Engine Power Core Nuclear Core Propulsion Wheel Leg Aluminum Leg Wheel Wheel Utility System Shield Device Heat Sink Storage Small Storage Unit Processor Targeting Computer Hackware System Shield Weapon Small Laser Energy Gun Small Laser Ballistic Gun Heavy Assault Rifle Build | -11 -10 -9 -9 ------- Run | Scr Mat Mat Min Slots Evolved 2 | . . 2 . Power . | . . . . Propulsion . | . . . . Utility 2 | . . 2 . Weapon . | . . . . Parts Attached 21 | 6 1 8 6 Power 3 | 1 . 2 . Engine 2 | 1 . 1 . Core 1 | . . 1 . Reactor . | . . . . Propulsion 5 | 2 . . 3 Treads . | . . . . Leg 3 | . . . 3 Wheel 2 | 2 . . . Hover . | . . . . Flight . | . . . . Utility 6 | 1 1 4 . Device 1 | . . 1 . Storage 2 | 1 . 1 . Processor 1 | . 1 . . Hackware 2 | . . 2 . Protection . | . . . . Artifact . | . . . . Weapon 7 | 2 . 2 3 Energy Gun 6 | 2 . 2 2 Energy Cannon . | . . . . Ballistic Gun 1 | . . . 1 Ballistic Cannon . | . . . . Launcher . | . . . . Special Weapon . | . . . . Impact Weapon . | . . . . Slashing Weapon . | . . . . Piercing Weapon . | . . . . Special Melee Weapon . | . . . . Unidentified Prototypes 1 | . . 1 . Parts Lost 11 | . 1 1 9 Power 1 | . . . 1 Propulsion 4 | . 1 . 3 Utility 1 | . . 1 . Weapon 5 | . . . 5 Highest Loss Streak 6 | . 1 1 6 Average Slot Usage (%) 88 | . 91 86 88 Engine 9 | . 14 5 10 Core 2 | . . 6 . Leg 1 | . . . 8 Wheel 13 | . 21 11 6 Device 6 | . . 11 11 Storage 12 | . 14 11 11 Processor 5 | . 12 2 . Hackware 12 | . . 18 22 Energy Gun 22 | . 28 22 15 Naked Turns . | . . . . Heaviest Build 47 | 12 12 44 47 Greatest Support 23 | 20 20 10 23 Greatest Overweight (x) 4 | . 1 4 4 Average Overweight (x) 1 | . . 2 3 Largest Inventory Capacity 12 | 6 6 12 12 Average Capacity 8 | 5 6 9 12 Most Carried 11 | 2 4 11 11 Average Carried 5 | 1 2 7 9 Final Capacity 12 | 6 6 12 12 Final Carried 11 | 2 4 11 5 Class Distribution -------------------- 50% | Hacker-Mutant 49% | Mutant Dominant Class ---------------- Mutant | -10/Materials Hacker-Mutant | -9/Materials Hacker-Mutant | -9/Mines Resources | -11 -10 -9 -9 ----------- Run | Scr Mat Mat Min Matter Collected 425 | 260 10 75 80 Remotely . | . . . . Salvage Created 405 | . 128 116 161 Parts 16 | . 8 5 3 Haulers Intercepted . | . . . . Recyclers Shooed . | . . . . Parts Field Recycled . | . . . . Retrieved Matter . | . . . . Parts Self-Destructed . | . . . . Prevented . | . . . . Kills | -11 -10 -9 -9 ------- Run | Scr Mat Mat Min Combat Hostiles Destroyed 19 | . 4 2 13 Guns 15 | . 4 2 9 AOE 4 | . . . 4 Classes Destroyed 4 | . 2 1 1 Swarmer 6 | . 2 . 4 Grunt 2 | . 2 . . Sentry 2 | . . 2 . Assembled 9 | . . . 9 Best Kill Streak 9 | . 2 1 9 Combat Bots Only 9 | . 2 1 9 Max Kills in Single Turn 4 | . 1 1 4 Gunslinging 1 | . . . 1 Exploded 4 | . . . 4 Melee . | . . . . Uniques/NPCs Destroyed . | . . . . Combat | -11 -10 -9 -9 -------- Run | Scr Mat Mat Min Damage Taken 1313 | . 122 86 1105 Core 427 | . 27 . 400 Absorbed by Shields . | . . . . Core Remaining (%) 94 | 100 89 . . Volleys Fired 44 | . 16 4 24 Largest 2 | . 2 2 2 Hottest 96 | . 80 80 96 Shots Fired 85 | . 32 8 45 Gun 85 | . 32 8 45 Cannon . | . . . . Launcher . | . . . . Special . | . . . . Kinetic 15 | . . . 15 Thermal 46 | . 16 6 24 Explosive . | . . . . Electromagnetic 24 | . 16 2 6 Robot Hit Streak 8 | . 8 8 7 Robot Miss Streak 6 | . 6 . 2 Penetration Max . | . . . . Secondary Targets 2 | . . . 2 Max Gunslinging Chain 1 | . . . 1 Shots Hit Robots 56 | . 17 8 31 Core Hits 32 | . 6 4 22 Critical Hits . | . . . . Critical Kills . | . . . . Critical Parts Destroyed . | . . . . Melee Attacks . | . . . . Impact . | . . . . Slashing . | . . . . Piercing . | . . . . Sneak Attacks . | . . . . Combat Hostiles . | . . . . Follow-up Attacks . | . . . . Damage Inflicted 1095 | . 252 86 757 Guns 805 | . 252 86 467 Cannons . | . . . . Explosions 290 | . . . 290 Melee . | . . . . Ramming . | . . . . Kinetic 182 | . . . 182 Thermal 695 | . 77 64 554 Explosive . | . . . . Electromagnetic 218 | . 175 22 21 Impact . | . . . . Slashing . | . . . . Piercing . | . . . . Highest Corruption . | . . . . Average Corruption . | . . . . Corruption Purged . | . . . . Overload Shots . | . . . . Overflow Damage 6 | . . . 6 Projectiles . | . . . . Explosions 6 | . . . 6 Melee . | . . . . Knockbacks . | . . . . Impact . | . . . . Kinetic . | . . . . Secondary . | . . . . Self-Inflicted Damage 31 | . . . 31 Shots 1 | . . . 1 Rammed . | . . . . Targets Rammed . | . . . . Kicked . | . . . . Crushed . | . . . . Highest Temperature 144 | . 144 4 16 Average Temperature 43 | . 54 4 8 Received Heat Transfer 200 | . 24 36 140 Siege Activations . | . . . . Robots Corrupted . | . . . . Combat Hostiles . | . . . . Parts Fried 1 | . 1 . . Impact Corruptions . | . . . . Robots Melted . | . . . . Combat Hostiles . | . . . . Parts Melted 1 | . . 1 . Heat Transferred 1292 | . 175 150 967 Parts Sabotaged . | . . . . Parts Stolen . | . . . . Parts Stripped . | . . . . Power Chain Reactions . | . . . . Missiles Intercepted . | . . . . Alert | -11 -10 -9 -9 ------- Run | Scr Mat Mat Min Peak Influence 190 | . 140 144 190 Average Influence 101 | . 59 112 172 Maximum Alert Level . | . . . . Low Security (%) 100 | 100 100 100 100 Level 1 . | . . . . Level 2 . | . . . . Level 3 . | . . . . Level 4 . | . . . . Level 5 . | . . . . High Security . | . . . . Max Security . | . . . . Squads Dispatched 2 | . 2 . . Investigation 1 | . 1 . . Extermination . | . . . . Reinforcement 1 | . 1 . . Assault . | . . . . Garrison . | . . . . Intercept . | . . . . Construction Impeded . | . . . . Haulers Reinforced . | . . . . Stealth | -11 -10 -9 -9 --------- Run | Scr Mat Mat Min Distress Signals 2 | . 2 . . Communications Jammed . | . . . . Distress Signals . | . . . . Times Spotted 26 | . 10 2 14 Peak Tracking Total 9 | . 5 1 9 Tactical Retreats 2 | . 1 . 1 Traps | -11 -10 -9 -9 ------- Run | Scr Mat Mat Min Traps Triggered 1 | . 1 . . Indirectly . | . . . . Trap Hack Attempts . | . . . . Triggered . | . . . . Disarmed . | . . . . Reprogrammed . | . . . . Reused . | . . . . Traps Extracted . | . . . . Installed . | . . . . Triggered . | . . . . Machines | -11 -10 -9 -9 ---------- Run | Scr Mat Mat Min Machines Disabled 4 | . 1 . 3 Max in Single Turn 3 | . 1 . 3 Machines Sabotaged . | . . . . Garrisons Compromised . | . . . . Overloaded Fab Kills . | . . . . Fab Network Shutdowns . | . . . . Hacking | -11 -10 -9 -9 --------- Run | Scr Mat Mat Min Machines Accessed 5 | . 3 2 . Terminals 5 | . 3 2 . Fabricators . | . . . . Repair Stations . | . . . . Recycling Units . | . . . . Scanalyzers . | . . . . Garrison Access . | . . . . Total Hacks 13 | . 5 8 . Successful 2 | . 1 1 . Failed 11 | . 4 7 . Catastrophic 2 | . . 2 . Database Lockouts . | . . . . Manual 14 | . 6 8 . Terminals 13 | . 5 8 . Fabricators . | . . . . Repair Stations . | . . . . Recycling Units . | . . . . Scanalyzers . | . . . . Garrison Access . | . . . . Terminal Hacks 1 | . 1 . . Recall Investigation 1 | . 1 . . Fabricator Hacks . | . . . . Repair Station Hacks . | . . . . Recycling Unit Hacks . | . . . . Scanalyzer . | . . . . Garrison Access Hacks . | . . . . Unauthorized Hacks 1 | . . 1 . Terminals 1 | . . 1 . Botnet 1 | . . 1 . Fabricators . | . . . . Repair Stations . | . . . . Recycling Units . | . . . . Scanalyzers . | . . . . Garrison Access . | . . . . Data Cores Recovered . | . . . . Used . | . . . . Hacking Detections 5 | . 3 2 . Full Trace Events . | . . . . Feedback Events . | . . . . Feedback Blocked . | . . . . Robot Schematics Acquired . | . . . . Robots Built . | . . . . Matter . | . . . . Time . | . . . . Total Robot Build Rating . | . . . . Part Schematics Acquired . | . . . . Parts Built . | . . . . Matter . | . . . . Time . | . . . . Total Part Build Rating . | . . . . Parts Repaired . | . . . . Time . | . . . . Parts Recycled . | . . . . Recycled Matter . | . . . . Retrieved Matter . | . . . . Retrieved Components . | . . . . Parts Scanalyzed . | . . . . Part Schematics Acquired . | . . . . Parts Damaged . | . . . . Bothacking | -11 -10 -9 -9 ------------ Run | Scr Mat Mat Min Used RIF Installer . | . . . . Robots Hacked . | . . . . Non-combat . | . . . . Combat . | . . . . Robot Hacks Applied . | . . . . Relay Couplers Released . | . . . . Robots Rewired . | . . . . Allies Hacked . | . . . . Hacks Repelled . | . . . . Allies | -11 -10 -9 -9 -------- Run | Scr Mat Mat Min Total Allies . | . . . . Largest Group . | . . . . Highest-Rated Group . | . . . . Highest-Rated Ally . | . . . . Total Orders . | . . . . Ally Attacks . | . . . . Total Damage . | . . . . Kills . | . . . . Allies Corrupted . | . . . . Allies Melted . | . . . . Intel | -11 -10 -9 -9 ------- Run | Scr Mat Mat Min Robot Analysis Total . | . . . . Derelict Logs Recovered . | . . . . Drone Launches . | . . . . Drone Recoveries . | . . . . Exploration | -11 -10 -9 -9 ------------- Run | Scr Mat Mat Min Turns Passed 895 | 53 309 327 206 Spaces Moved 680 | 51 266 261 102 Core 9 | 9 . . . Treads . | . . . . Legs 13 | . . . 13 Wheels 658 | 42 266 261 89 Hover . | . . . . Flight . | . . . . Fastest Speed 50 | 50 80 90 120 Average Speed 98 | 74 85 106 127 Slowest Speed 210 | 80 90 120 210 Overloaded Moves . | . . . . Propulsion Burnouts . | . . . . Robots Hopped . | . . . . Cave-ins Triggered . | . . . . Exploration Rate (%) 23 | 4 41 23 24 Regions Visited 3 Branch Regions 1 Pre-discovered Areas . | . . . . Known Exits Taken . | . . . . Unknown Exits Taken 3 | 1 1 1 . Scrap Searched . | . . . . Spaces Dug . | . . . . Terrain Destroyed 5 | . . . 5 Melee . | . . . . Projectile . | . . . . AOE 5 | . . . 5 Actions | -11 -10 -9 -9 --------- Run | Scr Mat Mat Min Total 813 | 62 316 301 134 Wait 54 | 4 32 16 2 Move 677 | 50 265 260 102 Hop . | . . . . Pick Up 13 | 2 2 9 . Fast Attach 10 | 6 1 3 . Attach 8 | . . 2 6 Detach 1 | . . 1 . Swap 3 | . . 3 . Drop 3 | . . 3 . Fire 44 | . 16 4 24 Melee . | . . . . Ram . | . . . . Kick . | . . . . Crush . | . . . . Escape Stasis . | . . . . Rewire . | . . . . Trap . | . . . . Miscellaneous . | . . . . Route ------- -11/Scrapyard -10/Materials (discovered 2 exits: *Mat / [*Min]) -9/Materials -9/Mines History --------- Turn | Location | Event 15 | -11/Scrapyard | Discovered new exit (range 16) 54 | -11/Scrapyard | Entered Materials 142 | -10/Materials | Discovered new exit (range 16) 295 | -10/Materials | Discovered new exit (range 9) 310 | -10/Materials | Build established: Mutant 363 | -10/Materials | Entered another Materials area 363 | -9/Materials | Evolved 2 slots: Utility x2 476 | -9/Materials | Discovered new exit (range 16) 690 | -9/Materials | Entered Mines 733 | -9/Mines | Build established: Hacker-Mutant 783 | -9/Mines | Assembled infested the area 849 | -9/Mines | Lost 3 parts (1n2w) 887 | -9/Mines | Core integrity fell below 50% 893 | -9/Mines | Core integrity fell below 20% 896 | -9/Mines | Destroyed 9 combat bots 896 | -9/Mines | Destroyed by D-53 Grenadier with Mini Grenade Launcher Last Messages --------------- 00859_ Acquired 18 matter. 00864_ as-87385 destroyed. 00865_ Acquired 17 matter. 00868_ C-30 ARC bursts open, deploying its payload. 00868_ D-53 Grenadier unfolds itself. 00868_ Beam Rifle destroyed. 00871_ Hvy. Assault Rifle destroyed. 00875_ as-04891 destroyed. 00876_ Acquired 15 matter. 00877_ as-34810 destroyed. 00877_ Sml. Laser destroyed. 00878_ Seismic Survey Station disabled. 00878_ as-76939 destroyed. 00879_ The unstable cave ceiling collapses. 00879_ as-14544 destroyed. 00882_ Hvy. Ion Engine destroyed. 00884_ The unstable cave ceiling collapses. 00884_ Imp. Aluminum Leg destroyed. 00887_ Aluminum Leg destroyed. 00888_ The unstable cave ceiling collapses. Map ----- +----------------------------------------------------+ | ?????????????????????????????????????????????????? | | ???????????????????????????######????????????????? | | ??????????????????????????## ##???????????????? | | ??????????????????????????# #####???????????? | | ??????????????????????????# #???????????? | | ??????????????????????????# ### ######??????? | | ?????????????????????????## """ ### #??????? | | ?????????????????????????# """ ###### #??????? | | ?????????????????????????# """ #????# #??????? | | ????????????????# ######### ##????# #??????? | | ????????????????# ##### #?????# #??????? | | ????????????????# ####### ##### #?????# #??????? | | ????????????????????????# #?????# #??????? | | ????????????????????????####### #????## ####???? | | ????????????????????????????### #??###" "####? | | ????????????????????????#### ## ##?# #? | | ??????????????????????### # #?# #? | | ??????????????????????? #?# #? | | ????????????????####### #?# #? | | ???????????????# #?# ## | | ???????????????# ######## #?# "# | | ?????????????????????# #?# = ## | | ?????????????????????# # # ##?# #? | | ????????????????????## #??# #? | | ????????????????????#d d #??# #? | | ????????????????????# @ #??# #? | | ????????????????????# # ############# #? | | ????????????????????# # ##???????# #? | | ????????????????????# # ##??????# #? | | ????????????????????## #??????# #? | | ?????????????????????# ##??????# #? | | ?????????????????????## # ####???????? #? | | ??????????????????????#############??????????? #? | | ?????????????????????????????????????????????? #? | | ?????????????????????????????????????????????? #? | | ?????????????????????????????????????????????? #? | | ?????????????????????????????????????????????? ?? | | ?????????????????????????????????????????????? ?? | | ?????????????????????????????????????????????????? | | ?????????????????????????????????????????????????? | | ?????????????????????????????????????????????????? | | ?????????????????????????????????????????????????? | | ?????????????????????????????????????????????????? | | ?????????????????????????????????????????????????? | | ?????????????????????????????????????????????????? | | ?????????????????????????????????????????????????? | | ?????????????????????????????????????????????????? | | ?????????????????????????????????????????????????? | | ?????????????????????????????????????????????????? | | ?????????????????????????????????????????????????? | +----------------------------------------------------+ Best States ------------- Heat Dissipation 38 Energy Generation 14 Energy Capacity 280 Matter Stores 300 Matter Capacity 300 Sight Range 16 Terrain Scan Density 10 Evasion (%) 50 Targeting Accuracy 5 Defensive Hacking 20 Item Schematics ----------------- None Robot Schematics ------------------ None Fabricated ------------ Nothing Alien Tech Used ----------------- None Achievements -------------- None Challenges ------------ None Game ------ Seed RestorationStasisRipper Manual? 0 Play Time 00:09:53 Cumulative 136.8 hours Start 2020.08.30 @ 09:24:17 End 2020.08.30 @ 09:32:23 Sessions 1 Manual Loads 0 Difficulty Rogue Special Mode None Game No. 190 Rogue 147 Adventurer 3 Explorer 40 Win Type - Total 2 Types 1/1/0/0/0/0/0 Lore% 51 Gallery% 74 Achievement% 53 Wizard Run 0 Options --------- ASCII 0 Keyboard 0 Movement Mouse Keybinds 0 Fullscreen 2 Font 18/SmallcapsGlow Map View 76x50 Tactical HUD 1 Map Filters NONE Filters NONE Steam 1 RUN: 2e09fb95-5bdb-4c43-a701-50bc3df878af